 Dungeon Crawl Stone Soup version 0.26.1-12-g5ba1501909 (webtiles) character file.

Game seed: 11985195902614417712

242 Zeld the Sneak (level 6, -1/42 HPs)
             Began as an Octopode Brigand on Oct 28, 2021.
             Slain by an ogre
             ... wielding a +0 giant club
              (12 damage)
             ... on level 4 of the Dungeon.
             The game lasted 00:03:29 (3721 turns).

Zeld the Sneak (Octopode Brigand)                   Turns: 3721, Time: 00:03:29

Health: -1/42      AC:  1    Str: 10    XL:     6   Next: 9%
Magic:  6/6        EV: 13    Int: 13    God:
Gold:   97         SH:  4    Dex: 16    Spells: 5/5 levels left

rFire    . . .     SeeInvis .   a - +2 dagger
rCold    . . .     Faith    .   r - +0 buckler
rNeg     . . .     Spirit   .   (helmet restricted)
rPois    .         Reflect  .   (no amulet)
rElec    .         Harm     .   (no ring)
rCorr    .         Rampage  .   (no ring)
Will     .....                  (no ring)
Stlth    ++++......             (no ring)
HPRegen  0.14/turn              (no ring)
MPRegen  0.10/turn              (no ring)
                                (no ring)
                                (no ring)

@: no status effects
A: almost no armour, stealthy swim, amphibious, 8 rings, constrict 8, camouflage
1, gelatinous body 1
a: no special abilities


You were on level 4 of the Dungeon.
You visited 1 branch of the dungeon, and saw 4 of its levels.

You collected 97 gold pieces.

Inventory:

Hand Weapons
 a - a +2 dagger (weapon)
Missiles
 b - 30 poisoned darts (quivered)
 c - 9 curare-tipped darts
Armour
 r - a +0 buckler (worn)
Jewellery
 k - an uncursed ring of protection from cold {unknown}
 n - a cursed amulet of inaccuracy {unknown}
 s - an uncursed ring of protection from fire {unknown}
Scrolls
 e - 2 scrolls of immolation {unknown}
 i - 5 scrolls of identify {unknown}
 j - 3 scrolls of remove curse {unknown}
 l - 2 scrolls of fear {unknown}
 o - 4 scrolls of amnesia {unknown}
 p - a scroll of enchant weapon {unknown}
 t - a scroll of enchant armour {unknown}
 u - a scroll of blinking {unknown}
 w - a scroll of teleportation {unknown}
Potions
 d - a potion of degeneration {unknown}
 f - 4 potions of lignification {unknown}
 g - a potion of brilliance {unknown}
 h - 2 potions of heal wounds {unknown}
 m - 3 potions of curing {unknown}
 q - a potion of invisibility {unknown}
 v - a potion of flight {unknown}
 x - a potion of attraction {unknown}


   Skills:
 * Level 3.4 Fighting
 * Level 3.4 Short Blades
 * Level 3.5 Throwing
 + Level 2.0 Dodging
 + Level 5.9 Stealth
 + Level 0.8 Shields


You had 5 spell levels left.
You didn't know any spells.
Your spell library contained the following spells:

 Spells                   Type           Power        Failure   Level
 Beastly Appendage        Tmut           0%           41%         1
 Wereblood                Tmut           0%           56%         2
 Spider Form              Tmut/Pois      0%           80%         3
 Ice Form                 Ice/Tmut       0%           99%         4
 Blade Hands              Tmut           0%           100%        5


Dungeon Overview and Level Annotations

Branches:
Dungeon (4/15)
 Temple: D:4-7

Altars:
Gozag
Makhleb
Qazlal

Portals:
Abyss: D:3

Annotations:
D:3 2 transporters, 0gre's ghost, amateur GnIE


Innate Abilities, Weirdness & Mutations

You cannot wear most types of armour.
You are very stealthy in the water. (Stealth+)
You are amphibious.
You can wear up to eight rings at the same time.
You can use your tentacles to constrict eight enemies at once.
Your skin changes colour to match your surroundings (Stealth+).
Your rubbery body absorbs attacks. (AC +1, EV +1)


Message History

The ogre hits you with a +0 giant club!
You hit the ogre.
The ogre is lightly wounded.
You hit the ogre.
The ogre is moderately wounded.
The ogre hits you with a +0 giant club!!
* * * LOW HITPOINT WARNING * * *
You are too injured to fight recklessly!
You are too injured to fight recklessly!
Throw: 30 darts (poison)
Press: ? - help, Shift-Dir - straight line, f - ogre
Aim: an ogre, wielding a +0 giant club (lightly wounded, 76% to hit)
Okay, then.
Throw: 10 darts (curare)
Press: ? - help, Shift-Dir - straight line, f - ogre
Aim: an ogre, wielding a +0 giant club (lightly wounded, 76% to hit)
You throw a curare-tipped dart.
The curare-tipped dart barely misses the ogre.
The ogre hits you with a +0 giant club!
You die...

#.......# #.......#
#. #.......## #.#
####..####. #.#
####..# #.###.#
#.....# ...#.#
#.#..## #...# #
#.#########..######
#(..O@.†..........#
###########..##...#
#..##.### ####..#
#####.##
...###....[#
........####
#######...######
###......#


You could see an ogre.

Vanquished Creatures
  An ogre (D:4)
  An iguana (D:4)
  3 gnolls (D:2)
  3 adders
  An ooze (D:3)
  2 worms
  2 dart slugs
  3 orcs (D:3)
  2 ball pythons (D:3)
  4 bats
  A giant cockroach (D:1)
  9 hobgoblins
  2 jackals (D:2)
  2 quokkas
  4 frilled lizards
  8 goblins
  5 kobolds
  4 rats
57 creatures vanquished.

Vanquished Creatures (others)
  2 plants (D:1)
2 creatures vanquished.

Grand Total: 59 creatures vanquished

Notes
Turn   | Place    | Note
-------+----------+-------------------------------------------
     0 | D:1      | Zeld the Octopode Brigand began the quest for the Orb.
     0 | D:1      | Reached XP level 1. HP: 14/14 MP: 1/1
   300 | D:1      | Reached XP level 2. HP: 18/19 MP: 2/2
  1033 | D:2      | Found a stormy altar of Qazlal.
  1040 | D:2      | Reached XP level 3. HP: 25/25 MP: 3/3
  1152 | D:2      | Found an opulent altar of Gozag.
  1297 | D:2      | Reached XP level 4. HP: 8/30 MP: 4/4
  1306 | D:2      | HP: 1/30 [hobgoblin/+0 club (3)]
  2161 | D:2      | Found a burning altar of Makhleb.
  2737 | D:3      | Reached XP level 5. HP: 36/36 MP: 5/5
  2747 | D:3      | Found a one-way gate to the infinite horrors of the Abyss.
  2747 | D:3      | Noticed 0gre's ghost (amateur GnIE)
  2762 | D:3      | Found a transporter.
  2857 | D:3      | Noticed a toenail golem
  3376 | D:3      | Found a transporter.
  3565 | D:4      | Noticed an ogre
  3569 | D:4      | Noticed an ogre
  3570 | D:4      | Killed an ogre
  3571 | D:4      | Reached XP level 6. HP: 42/42 MP: 6/6
  3721 | D:4      | Slain by an ogre

Illustrated notes

Levels and vault maps discovered:
D:1:      amcnicky_arrival_double_pillar, layout_basic, grunt_decor_resistance,
          minmay_misc_feat_nine_boxes, serial_bayou_lagoon_a,
          due_unseen_surprise
D:2:      layout_basic, lightli_temple_of_fire, grunt_gozag_statues,
          old_standard_altar, minmay_split_cup_small
D:3:      kennysheep_big_flooded_room, layout_basic,
          cheibrodos_sewer_entry_bend, gammafunk_ghost_abyssal_escape,
          minmay_unequal
D:4:      gammafunk_wand_slinger, layout_rooms, st_stairs_11,
          kennysheep_generic_room_9

Skill      XL: |  1  2  3  4  5 |
---------------+----------------+-----
Throwing       | 3 |  3.5
Fighting       | 3 |  3.4
Short Blades   | 3 |  3.4
Dodging        | 2 |  2.0
Stealth        | |  5.9
Shields        | |  0.8

Action                   |  1- 3 |  4- 6 || total
-------------------------+-------+-------++-------
Melee: Dagger            |    59 |    64 ||   123
       Constrict         |    13 |    21 ||    34
       Tentacles         |    12 |    12 ||    24
Throw: Dart              |       |     2 ||     2
 Stab: Sleeping          |     9 |     6 ||    15
Armor: Skin              |     1 |     4 ||     5
Dodge: Dodged            |    21 |    33 ||    54
Block: Buckler           |       |     6 ||     6
